 Dungeon Crawl Stone Soup version 0.29-a0-266-gf56f883ddd (webtiles) character file.

Game seed: 1854769094754409820

107 spaghetti the Skirmisher (level 4, 0/39 HPs)
             Began as a Demonspawn Chaos Knight on Mar 6, 2022.
             Was a Plaything of Xom.
             Slain by Sigmund
             ... wielding a +3 scythe of chaos
              (8 damage)
             ... on level 3 of the Dungeon.
             The game lasted 00:03:57 (2173 turns).

spaghetti the Skirmisher (Demonspawn Chaos Knight)  Turns: 2173, Time: 00:03:58

Health: 0/39       AC:  7    Str: 14    XL:     4   Next: 56%
Magic:  4/4        EV: 11    Int: 16    God:    Xom [*.....]
Gold:   216        SH:  0    Dex: 12    Spells: 3/3 levels left

rFire   . . .      SeeInvis .     - Unarmed
rCold   . . .      Faith    .   (no shield)
rNeg    . . .      Spirit   .   j - +2 leather armour
rPois   .          Reflect  .   (no helmet)
rElec   .          Harm     .   (no cloak)
rCorr   .          Rampage  .   (no gloves)
Will    .....                   (no boots)
Stlth   +.........              (no amulet)
HPRegen 0.13/turn               (no ring)
MPRegen 0.09/turn               (no ring)

@: flying, unable to read
A: claws 1, yellow scales 1, clever 1, inability to read while threatened
a: Renounce Religion


You were on level 3 of the Dungeon.
You worshipped Xom.
You were a special plaything of Xom.
You visited 1 branch of the dungeon, and saw 3 of its levels.

You collected 216 gold pieces.


Innate Abilities, Weirdness & Mutations

You have sharp fingernails.
You are partially covered in yellow scales. (AC +2)
Your mind is acute. (Int +2)
You sometimes lose the ability to read scrolls when taking damage.


   Skills:
 + Level 5.2 Fighting
 - Level 2.6 Short Blades
 - Level 1.7 Armour
 - Level 0.8 Dodging
 + Level 1.0 Unarmed Combat


You had 3 spell levels left.
You didn't know any spells.
Your spell library was empty.

Inventory:

Hand Weapons
 b - a +2 hunting sling of flaming {sling}
   (You found it on level 1 of the Dungeon)
Missiles
 e - 76 stones {throwing}
Armour
 j - a +2 leather armour (worn)
Magical Staves
 h - a staff of poison {!astaff}
   (You found it on level 1 of the Dungeon)
Jewellery
 m - a ring of see invisible
   (You found it on level 3 of the Dungeon)
Scrolls
 g - 2 scrolls of enchant armour
 i - a scroll of fear
 l - a scroll of noise {!r}
Potions
 d - a potion of flight
Miscellaneous
 c - a piece from Xom's chessboard (11/15) (quivered)

Dungeon Overview and Level Annotations

Branches:
Dungeon (3/15)

Altars:

Annotations:
D:3 Sigmund

.#..≈. .†.≈≈ ≈.≈≈ ... ##
.. ... .... #. #.# #...
.# #(####.# #.#. #.#
#.{....###.#.##.####
......##@.......#........
##.## #.......>##.......
#........##.#.#.#.
#...............<.
#...>...###.#.#.#.
#.......##........
#.......###.#.#.#.
##########.>.....#
#^####.##


There were no monsters in sight!


Message History

The sling bullet hits the frilled lizard!
The sling bullet burns the frilled lizard.
You kill the frilled lizard!
No target in view!
Sigmund the Dreaded comes into view.
He is wielding a +0 scythe and wearing a +1 robe of willpower.
Sigmund shouts!
A ball python comes into view.
Sigmund moves out of view.
You shoot a sling bullet. The ball python hisses angrily.
The sling bullet hits the ball python.
The sling bullet burns the ball python.
You kill the ball python!
No target in view!
No target in view!
You hear Xom's avuncular chuckle.
Sigmund seems to speed up.
Sigmund casts a spell at you. The magic dart hits you.
Sigmund gestures at you while chanting. The puff of flame hits you. 😕 HP[-5]
You take 5 damage, and now have 34/39 hp.
You shoot a sling bullet. The sling bullet hits Sigmund.
The sling bullet burns Sigmund.
You shoot a sling bullet.
The sling bullet closely misses Sigmund.
Sigmund completely misses you. Sigmund barely misses you. 😕 HP[+1]
Your +2 hunting sling of flaming {sling} stops flaming.
You are now empty-clawed.
Sigmund hits you from afar with a +0 scythe. 😕 HP[-3]
You take 3 damage, and now have 32/39 hp.
Okay, then.
Sigmund misses you.
It was a potion of flight.
You feel very buoyant.
You fly up into the air.
Sigmund hits you but does no damage.
You scratch Sigmund but do no damage.
Sigmund hits you with a +0 scythe. 😕 HP[-1]
You take 1 damage, and now have 31/39 hp.
You scratch Sigmund. Sigmund barely misses you.
You scratch Sigmund. Sigmund hits you with a +0 scythe.
You scratch Sigmund.
Xom chortles.
Sigmund's +0 scythe erupts in a glittering mayhem of colour.
You are now a special plaything of Xom.
Unknown command.
Unknown command.
Unknown command.
You barely miss Sigmund.
Sigmund casts a spell.
Sigmund flickers and vanishes!
Deactivating autopickup; reactivate with Ctrl-A.
Something hits you but does no damage.
You are poisoned.
Unknown command.
Unknown command.
You can't see anything.
Try to make a move anyway?
You make a move on Xom's chessboard...
Nothing appears to happen.
You feel sick. Something hits you!
You feel threatened and lose the ability to read scrolls! 😮 HP[-10]
You take 10 damage, and now have 21/39 hp.
MASSIVE DAMAGE!! (PAUSE) Unknown command.
You feel better. Something hits you!
You convulse!
* * * LOW HITPOINT WARNING * * *
😨 HP[-7]
You take 7 damage, and now have 14/39 hp.
Non-targeted evoke: piece from Xom's chessboard (14/15)
Press: ? - help, Q - select action, (/) - cycle Dir - look around, f - activate You can't see anything.
Try to make a move anyway?
You make a move on Xom's chessboard...
Nothing appears to happen.
You hear some strange, mumbled words.
A magic dart appears from out of thin air!
The magic dart hits you!
* * * LOW HITPOINT WARNING * * *
😱 HP[-7]
You take 7 damage, and now have 7/39 hp.
Non-targeted evoke: piece from Xom's chessboard (13/15)
Press: ? - help, Q - select action, (/) - cycle Dir - look around, f - activate You can't see anything.
Try to make a move anyway?
You make a move on Xom's chessboard...
Nothing appears to happen.
Something hits you but does no damage.
Non-targeted evoke: piece from Xom's chessboard (12/15)
Press: ? - help, Q - select action, (/) - cycle Dir - look around, f - activate You can't see anything.
Try to make a move anyway?
You make a move on Xom's chessboard...
Nothing appears to happen.
Something hits you but does no damage.
Unknown command.
Unknown command.
Okay, then.
Throw: throwing net {=f!fthrowing}
Press: ? - help, Shift-Dir - straight line You throw a throwing net {=f!fthrowing}.
Something hits you!
You die... "What!?
That's it?"

Skill      XL: |  1  2  3  4 |
---------------+-------------+-----
Fighting       | 4 5 |  5.2
Unarmed Combat | 1 |  1.0
Short Blades   | |  2.6
Armour         | |  1.7
Dodging        | |  0.8

Action                   |  1- 3 |  4- 6 || total
-------------------------+-------+-------++-------
Melee: Short sword       |    69 |     1 ||    70
       Unarmed           |       |    12 ||    12
 Fire: Hunting sling     |    11 |    38 ||    49
Throw: Throwing net      |       |     1 ||     1
Evoke: Piece from Xom's  |       |     4 ||     4
  Use: Scroll            |     1 |     3 ||     4
       Potion            |       |     4 ||     4
 Stab: Sleeping          |     1 |       ||     1
Armor: Leather armour    |    26 |    11 ||    37
Dodge: Dodged            |    30 |    15 ||    45

Levels and vault maps discovered:
D:1:      roderic_dead_forest, layout_basic
D:2:      layout_basic, serial_corexii_hall, chequers_hall_statues_y,
          chequers_hall_statues_y
D:3:      layout_loops_cross, chequers_serial_rivers_micro_c, st_stairs_13,
          serial_bayou_crossing, uniq_sigmund, uniq_crazy_yiuf_cottage

Notes
Turn   | Place    | Note
-------+----------+-------------------------------------------
     0 | D:1      | spaghetti the Demonspawn Chaos Knight began the quest for
                  | the Orb.
     0 | D:1      | Reached XP level 1. HP: 18/18 MP: 1/1
     0 | D:1      | magus.rc [v1.9.6]
   121 | D:1      | Gained mutation: You are partially covered in yellow
                  | scales. (AC +2) [demonic ancestry]
   121 | D:1      | Reached XP level 2. HP: 24/24 MP: 2/2
   128 | D:1      | XOM: smoke on damage
   133 | D:1      | XOM: silly message
   302 | D:1      | Reached skill level 4 in Fighting
   448 | D:1      | Reached XP level 3. HP: 30/30 MP: 3/3
   511 | D:1      | XOM: smoke on damage
   638 | D:1      | XOM: silly message
   849 | D:2      | XOM: silly message
   865 | D:2      | XOM: silly message
   955 | D:2      | Gained mutation: You have sharp fingernails. [demonic
                  | ancestry]
   955 | D:2      | Reached XP level 4. HP: 38/38 MP: 4/4
   963 | D:2      | Reached skill level 5 in Fighting
  1236 | D:2      | XOM: divination: magic mapping
  1595 | D:2      | XOM: 2-stop teleportation journey
  1955 | D:3      | Gained mutation: You have large cloven feet. [potion of
                  | mutation]
  1955 | D:3      | Gained mutation: Your spells are a little easier to cast,
                  | but a little less powerful. [potion of mutation]
  1977 | D:3      | XOM: 3-stop teleportation journey
  1979 | D:3      | XOM: give mutations
  1979 | D:3      | Gained mutation: You sometimes lose the ability to read
                  | scrolls when taking damage. [Xom's mischief]
  1979 | D:3      | Lost mutation: You have large cloven feet. [Xom's mischief]
  1979 | D:3      | Gained mutation: You are weak. (Str -2) [Xom's mischief]
  1979 | D:3      | Gained mutation: Your body sometimes deteriorates upon
                  | taking damage. [Xom's mischief]
  1980 | D:3      | Lost mutation: You are weak. (Str -2) [potion of mutation]
  1980 | D:3      | Lost mutation: Your spells are a little easier to cast, but
                  | a little less powerful. [potion of mutation]
  1980 | D:3      | Lost mutation: Your body sometimes deteriorates upon taking
                  | damage. [potion of mutation]
  1980 | D:3      | Gained mutation: Your mind is acute. (Int +2) [potion of
                  | mutation]
  2071 | D:3      | Reached skill level 1 in Unarmed Combat
  2152 | D:3      | Noticed Sigmund
  2155 | D:3      | XOM: enchant monster (bad)
  2166 | D:3      | XOM: chaos upgrade
  2170 | D:3      | HP: 7/39 [something/magic dart (7)]
  2173 | D:3      | Slain by Sigmund

Vanquished Creatures
  An iguana (D:2)
  An adder (D:3)
  2 worms (D:2)
  5 dart slugs
  An orc (D:3)
  5 endoplasms
  3 giant cockroaches
  2 goblins (D:1)
  7 hobgoblins
  3 jackals (D:1)
  5 kobolds
  A quokka (D:3)
  3 ball pythons
  6 bats
  5 frilled lizards
  2 rats
52 creatures vanquished.

Vanquished Creatures (others)
  7 plants (D:3)
7 creatures vanquished.

Grand Total: 59 creatures vanquished

Table legend:
 A = Non-vault XP
 B = Vault XP
 C = Vault XP percentage of total XP
 D = Non-vault monster count
 E = Vault monster count
 F = Vault count percentage of total count
                 A         B        C        D         E       F
            +---------+---------+-------+---------+---------+-------
      Total |     140 |      13 |   8.5 |      52 |       1 |   1.9
            +---------+---------+-------+---------+---------+-------
        D:1 |      55 |       0 |   0.0 |      26 |       0 |   0.0
        D:2 |      73 |       0 |   0.0 |      18 |       0 |   0.0
        D:3 |      12 |      13 |  52.0 |       8 |       1 |  11.1
            +---------+---------+-------+---------+---------+-------

Illustrated notes

Table legend:
 A = Kills in this place as a percentage of kills in entire the game.
 B = Kills by you in this place as a percentage of kills by you in the entire game.
 C = Kills by friends in this place as a percentage of kills by friends in the entire game.
 D = Other kills in this place as a percentage of other kills in the entire game.
 E = Experience gained in this place as a percentage of experience gained in the entire game.
 F = Experience gained in this place divided by the number of levels of this place that you have seen.
                   A       B       C       D       E      F
               +-------+-------+-------+-------+-------+----------------------
         Total | 100.0 | 100.0 |   N/A | 100.0 | 100.0 |  51.0
       Dungeon | 100.0 | 100.0 |   N/A | 100.0 | 100.0 |  51.0
               +-------+-------+-------+-------+-------+----------------------

Table legend: (Time is in decaauts)
 A = Elapsed time spent in this place.
 B = Non-inter-level travel time spent in this place.
 C = Inter-level travel time spent in this place.
 D = Time resting spent in this place.
 E = Time spent auto-exploring this place.
 F = Levels seen in this place.
 G = Mean time per level.
                   A        B        C        D        E       F      G
               +--------+--------+--------+--------+--------+-----+--------+
         Total |   2190 |   2108 |     82 |     22 |   1772 |   3 |  730.0 |
       Dungeon |   2190 |   2108 |     82 |     22 |   1772 |   3 |  730.0 |
               +--------+--------+--------+--------+--------+-----+--------+

Top non-repeatable levels by time:
     D:2: 1139 daAuts
     D:1: 781 daAuts
     D:3: 270 daAuts
